 Dungeon Sprint DCSS version 0.24.0-41-g2ae2f7f1be (webtiles) character file.

Game seed: 4560501825830200709, levelgen mode: deterministic

157696 McKennaii the Axe Maniac (level 27, -2/273 HPs)
             Began as a Demonspawn Fighter on Dec 10, 2019.
             Was the Champion of Makhleb.
             Blown up by Xosas the pandemonium lord (36 damage)
             ... with a disintegration bolt
             ... in the Dungeon (Sprint VI: "Thunderdome").
             The game lasted 01:54:23 (7526 turns).

McKennaii the Axe Maniac (Demonspawn Fighter)       Turns: 7526, Time: 01:54:24

Health: -2/273     AC: 45    Str: 41    XL:     27
Magic:  0/57       EV: 32    Int:  9    God:    Makhleb [******]
Gold:   4521       SH: 39    Dex: 28    Spells: 80/80 levels left

rFire    + + +     SeeInvis .   x - +9 broad axe (chop)
rCold    + + +     Gourm    .   e - +0 large shield of the Slorg {Str+2 Dex+5} (curse)
rNeg     + . .     Faith    .   u - +12 gold dragon scales
rPois    +         Spirit   +   G - +2 hat of the Burgomaster {*Corrode rPois rC+ Slay+3}
rElec    +         Reflect  .   t - +2 cloak of Qyump {rN+ rCorr Dex-3 Stlth+}
rCorr    +         Harm     .   v - -1 pair of gloves "Uloiqoast" {Slay+3}
MR       +....     NoTele   +   (boots unavailable)
Stlth    +.........             r - amulet of Heculoyh {Spirit *Contam +Fly Dex+6}
HPRegen  0.55/turn              p - ring of Secrets {rPois rF+ MP+9 Str+8}
MPRegen  0.35/turn              q - ring of Reimbursement {rC++ Str+3 Dex+2}

@: mighty, resistant, vulnerable, contaminated, glowing, studying Poison Magic,
silenced, lightly drained
A: antennae 1, talons 3, large bone plates 3, cold resistance 1, dopey 1, fire
resistance 1, icemail, low mp 1, powered by death 3, robust 1, augmentation 3,
freezing cloud immunity
}: 9/15 runes: serpentine, slimy, silver, golden, icy, bone, glowing, gossamer,
mossy
a: Renounce Religion, Evoke Flight


You were in the Dungeon.
You worshipped Makhleb.
Makhleb was exalted by your worship.
You were not hungry.

You visited 1 branch You collected 37020 gold pieces.
You spent 32499 gold pieces at shops.

Inventory:

Hand Weapons
 x - a +9 broad axe of chopping (weapon)
Armour
 c - the +5 helmet "Veckyol" {rF+ MR+ Slay-2 SInv}
   (You bought it in a shop in the Dungeon)

   It affects your accuracy and damage with ranged weapons and melee attacks
   (-2).
   It protects you from fire.
   It affects your resistance to hostile enchantments.
   It lets you see invisible.
 e - the cursed +0 large shield of the Slorg (worn) {Str+2 Dex+5}
   (You bought it in a shop in the Dungeon)

   It affects your strength (+2).
   It affects your dexterity (+5).
   It has a curse placed upon it.
 t - the +2 cloak of Qyump (worn) {rN+ rCorr Dex-3 Stlth+}
   (You bought it in a shop in the Dungeon)

   It affects your dexterity (-3).
   It protects you from negative energy.
   It provides partial protection from all sources of acid and corrosion.
   It makes you more stealthy.
 u - +12 gold dragon scales (worn)
 v - the -1 pair of gloves "Uloiqoast" (worn) {Slay+3}
   (You bought it in a shop in the Dungeon)

   It affects your accuracy and damage with ranged weapons and melee attacks
   (+3).
 G - the +2 hat of the Burgomaster (worn) {*Corrode rPois rC+ Slay+3}
   (You bought it in a shop in the Dungeon)

   It affects your accuracy and damage with ranged weapons and melee attacks
   (+3).
   It protects you from cold.
   It protects you from poison.
   It may corrode you when you take damage.
Jewellery
 p - the ring of Secrets (left hand) {rPois rF+ MP+9 Str+8}
   (You bought it in a shop in the Dungeon)

   [ring of magical power]

   It affects your strength (+8).
   It protects you from fire.
   It protects you from poison.
   It affects your magic capacity (+9).
 q - the ring of Reimbursement (right hand) {rC++ Str+3 Dex+2}
   (You bought it in a shop in the Dungeon)

   [ring of dexterity]

   It affects your strength (+3).
   It affects your dexterity (+2).
   It greatly protects you from cold.
 r - the amulet of Heculoyh (around neck) {Spirit *Contam +Fly Dex+6}
   (You bought it in a shop in the Dungeon)

   [amulet of guardian spirit]

   It causes incoming damage to be split between your health and magic.
   It affects your dexterity (+6).
   It lets you fly.
   It causes magical contamination when unequipped.
 s - the ring "Yni Ream" {+Fly MP+9 Int+5}
   (You bought it in a shop in the Dungeon)

   [ring of flight]

   It affects your intelligence (+5).
   It affects your magic capacity (+9).
   It lets you fly.
 J - the ring of the Neverending Scars {rF+ rC- rN++ Str+3 Int+3 Dex+2}
   (You bought it in a shop in the Dungeon)

   [ring of intelligence]

   It affects your strength (+3).
   It affects your intelligence (+3).
   It affects your dexterity (+2).
   It protects you from fire.
   It makes you vulnerable to cold.
   It greatly protects you from negative energy.
Wands
 a - a wand of scattershot (9)
 l - a wand of acid (5)
 m - a wand of iceblast (18)
 C - a wand of paralysis (5)
 R - a wand of random effects (16)
Scrolls
 k - 17 scrolls of blinking
 n - 27 scrolls of fog
 w - 6 scrolls of identify
 H - 7 scrolls of enchant weapon
 L - a scroll of brand weapon
 M - 6 scrolls of silence
 N - 4 scrolls of enchant armour
 O - 15 scrolls of remove curse
 P - 5 scrolls of amnesia
 Q - 6 scrolls of vulnerability
Potions
 b - 17 potions of curing
 d - 8 potions of might
 g - 5 potions of heal wounds
 h - 29 potions of haste
 i - 24 potions of magic
 j - 21 potions of berserk rage
 o - 25 potions of resistance
 z - 7 potions of mutation
 A - 12 potions of agility
 F - 12 potions of brilliance
 I - a potion of flight
Books
 K - a manual of Poison Magic
Miscellaneous
 y - a fan of gales
 B - a quad damage
 D - a quad damage
 E - a quad damage
Comestibles
 f - 31 rations


   Skills:
 O Level 27(26.6) Fighting
 O Level 27(26.6) Axes
 + Level 2.6(2.4) Throwing
 O Level 27(26.6) Armour
 O Level 27(26.6) Dodging
 * Level 22.7(22.4) Stealth
 O Level 27(26.6) Shields
 + Level 2.5(2.3) Unarmed Combat
 O Level 27(26.6) Spellcasting
 O Level 27(26.6) Invocations
 * Level 22.4(22.1) Evocations


You had 80 spell levels left.
You didn't know any spells.
Your spell library contained the following spells:

 Spells                   Type           Power        Failure   Level  Hunger
 Beastly Appendage        Tmut           ##....       10%         1    None
 Blink                    Tloc           N/A          14%         2    None
 Corpse Rot               Necr           N/A          14%         2    None
 Passwall                 Tmut/Erth      ##......     14%         2    None
 Shroud of Golubria       Chrm/Tloc      ##....       14%         2    None
 Sticks to Snakes         Tmut           ##......     14%         2    None
 Sublimation of Blood     Necr           ##........   14%         2    None
 Swiftness                Chrm/Air       ##......     14%         2    None
 Gell's Gravitas          Tloc           ##........   28%         3    None
 Lesser Beckoning         Tloc           ##........   28%         3    None
 Portal Projectile        Hex/Tloc       ##....       28%         3    None
 Recall                   Summ/Tloc      N/A          28%         3    None
 Spider Form              Tmut/Pois      ##........   28%         3    None
 Teleport Other           Tloc           ##......     28%         3    None
 Cause Fear               Hex            ##........   67%         4    #......
 Force Lance              Conj/Tloc      ##......     67%         4    #......
 Ice Form                 Ice/Tmut       ##......     67%         4    #......
 Leda's Liquefaction      Hex/Erth       ##........   67%         4    #......
 Passage of Golubria      Tloc           N/A          67%         4    #......
 Summon Lightning Spire   Summ/Air       ##......     67%         4    #......
 Agony                    Necr           ##......     95%         5    ####...
 Aura of Abjuration       Summ           ##........   95%         5    ####...
 Blade Hands              Tmut           ##........   95%         5    ####...
 Bolt of Draining         Conj/Necr      ##........   95%         5    ####...
 Bolt of Magma            Conj/Fire/Erth ##........   95%         5    ####...
 Dispel Undead            Necr           ##......     95%         5    ####...
 Excruciating Wounds      Chrm/Necr      ##........   95%         5    ####...
 Lee's Rapid Deconstruct  Erth           ##........   95%         5    ####...
 Silence                  Hex/Air        ##........   95%         5    ####...
 Summon Demon             Summ           ##........   95%         5    ####...
 Summon Forest            Summ/Tloc      ##........   95%         5    ####...
 Summon Mana Viper        Hex/Summ       ##......     95%         5    ####...
 Yara's Violent Unravell  Hex/Tmut       ##........   95%         5    ####...
 Conjure Ball Lightning   Conj/Air       ##........   100%        6    ######.
 Darkness                 Hex            ##........   100%        6    ######.
 Deflect Missiles         Chrm/Air       ##........   100%        6    ######.
 Dispersal                Tloc           ##........   100%        6    ######.
 Invisibility             Hex            ##......     100%        6    ######.
 Iron Shot                Conj/Erth      ##........   100%        6    ######.
 Poison Arrow             Conj/Pois      ##........   100%        6    ######.
 Shadow Creatures         Summ           N/A          100%        6    ######.
 Statue Form              Tmut/Erth      ##.......    100%        6    ######.
 Haunt                    Necr/Summ      ##........   100%        7    #######
 Malign Gateway           Summ/Tloc      ##........   100%        7    #######
 Monstrous Menagerie      Summ           ##........   100%        7    #######
 Summon Greater Demon     Summ           ##........   100%        7    #######
 Borgnjor's Revivificati  Necr           ##........   100%        8    #######
 Chain Lightning          Conj/Air       ##........   100%        8    #######
 Controlled Blink         Tloc           N/A          100%        8    #######
 Death's Door             Chrm/Necr      ##........   100%        8    #######
 Discord                  Hex            ##........   100%        8    #######
 Disjunction              Tloc           ##........   100%        8    #######
 Infestation              Necr           ##........   100%        8    #######
 Lehudib's Crystal Spear  Conj/Erth      ##........   100%        8    #######
 Necromutation            Tmut/Necr      ##........   100%        8    #######
 Summon Horrible Things   Summ           ##........   100%        8    #######
 Fire Storm               Conj/Fire      ##........   100%        9    #######
 Glaciate                 Conj/Ice       ##........   100%        9    #######
 Shatter                  Erth           ##........   100%        9    #######
 Tornado                  Air            ##........   100%        9    #######


Dungeon Overview and Level Annotations

Branches:
Dungeon (1/1)

Altars:
Cheibriados
Dithmenos
Fedhas
Gozag
Kikubaaqudgha
Makhleb
Okawaru
Qazlal
Ru
Sif Muna
Trog
Uskayaw
Vehumet
Wu Jian
Xom
Yredelemnul
Zin
The Shining One
Beogh
Jiyva
Lugonu

Shops:
D *[??**[((


Innate Abilities, Weirdness & Mutations

You have claws for feet.
You are completely covered in large bone plates. (SH +8)
Your flesh is cold resistant. (rC+)
A meltable icy envelope protects you from harm. (AC +0)
You regenerate a lot of health from kills.
Your magical and physical power is greatly enhanced at high health.
You are immune to freezing clouds.
You have a pair of small antennae on your head.
You are dopey. (Int -2)
Your flesh is heat resistant. (rF+)
Your magical capacity is low. (-10% MP)
You are robust. (+10% HP)


Message History

* * * LOW HITPOINT WARNING * * *
The goblin convulses!
Xosas gestures at you. You block Vuxu's attack. Ischuru hits you!
* * * LOW HITPOINT WARNING * * *
You writhe in agony.
* * * LOW HITPOINT WARNING * * *
Zismimnu hits you but does no damage. You block Exiel's attack.
Unknown command.
You feel much better. You block Vuxu's attack. Xosas barely misses you.
You block Zismimnu's attack. You block Ischuru's attack.
You block the reaper's attack. Vuxu gestures at you.
The bolt of fire misses you.
The tormentor calls on the powers of darkness!
Your body is wracked with pain!
* * * LOW HITPOINT WARNING * * *
Xosas gestures at you.
You are blasted!
You die...

#_.[W.§(._# ###[....(*..###
#⌠WW.[[[[[[[.(#
#####[84[[[[[[[(8[######
∩___.[4[.[###..4g..___∩##
....[[[[..#..(8g2L.....∩###
..W..W&..[###.{&&4g.......##
4W.W)...##[..###&&3.......§#
W&....3# #.0.# #@&&4......⌠#
b[4[.[W###4[W###&&2W....(.⌠#
W...W.W..[###.W&&{WW..(...##
["...W4&8.# #.8&W&W)...∩###
∩_W&[4.2).###..22..___∩##
#####W8.W)......8[######
#[§..=W......⌠#
###§..).....### #_.)...[._#


You could see Exiel, Geazarir, Hisalur, Ischuru, Myjun, Qeshadun, Sidwiryq,
Uczelo, Veicaydd, Vuxu, Xosas, Zismimnu, Master Blaster, a reaper, a balrug, a
sun demon, an orange demon, a phantasmal warrior, a hellion, a tormentor, 2
phantoms, a chaos spawn, 2 wraiths, a red devil and 3 goblins.

Vanquished Creatures
  Khufu (D)
  Antaeus (D)
  Mara (D)
  Ereshkigal (D)
  Ignacio (D)
  Mnoleg (D)
  An ancient lich (D)
  Tiamat (D)
  3 juggernauts (shapeshifter) (D)
  4 pandemonium lords (D)
  5 greater mummies (D)
  Agnes (D)
  A great orb of eyes (D)
  2 caustic shrikes (shapeshifter) (D)
  A golden dragon (shapeshifter) (D)
  A bone dragon (D)
  Nellie (D)
  An iron giant (D)
  An electric golem (D)
  A hellephant (D)
  4 Ice Fiends (D)
  5 Hell Sentinels (D)
  12 Orb Guardians (D)
  2 liches (D)
  A quicksilver dragon (shapeshifter) (D)
  2 titans (shapeshifter) (D)
  4 acid blobs (shapeshifter) (D)
  15 Executioners (D)
  A shadow dragon (shapeshifter) (D)
  A sphinx (shapeshifter) (D)
  2 azure jellies (shapeshifter) (D)
  34 iron golems (D)
  A storm dragon (D)
  13 nagarajas (D)
  A frost giant (shapeshifter) (D)
  A ghost moth (shapeshifter) (D)
  3 iron dragons (D)
  6 ghost moths (D)
  3 curse skulls (D)
  An iron dragon (shapeshifter) (D)
  An orc warlord (D)
  2 ghouls (D)
  An emperor scorpion (D)
  3 reapers (D)
  2 stone giants (shapeshifter) (D)
  3 stone giants (D)
  A black draconian (shapeshifter) (D)
  2 wolf spiders (D)
  8 lorocyprocas (D)
  2 vampire knights (D)
  A dire elephant (shapeshifter) (D)
  2 eidola (D)
  A green death (D)
  4 blizzard demons (D)
  11 mummy priests (D)
  Josephine (D)
  23 spriggan air magi (D)
  A hydra (D)
  5 hell beasts (D)
  2 centaur warriors (D)
  A shambling mangrove (D)
  8 two-headed ogres (D)
  3 anacondas (D)
  A satyr (shapeshifter) (D)
  6 iron elementals (D)
  An alligator (D)
  A vampire mage (D)
  An ogre mage (D)
  An orc high priest (D)
  Urug (D)
  4 hell hogs (D)
  6 sun demons (D)
  6 soul eaters (D)
  2 sixfirhies (D)
  6 death drakes (D)
  3 hell knights (D)
  2 iron trolls (D)
  Aizul (D)
  2 deep trolls (D)
  A swamp dragon (D)
  An orc knight (D)
  18 orb spiders (D)
  An ugly thing (D)
  A cyclops (D)
  4 moths of wrath (D)
  3 rust devils (D)
  4 guardian serpents (D)
  2 orange demons (D)
  22 smoke demons (D)
  A gargoyle (D)
  2 spiny frogs (D)
  7 hellions (D)
  2 demonic crawlers (D)
  2 rime drakes (D)
  3 ice devils (D)
  A freezing wraith (D)
  25 tormentors (D)
  4 guardian mummies (D)
  4 trolls (D)
  A tyrant leech (D)
  5 hornets (D)
  6 bog bodies (D)
  A hippogriff (D)
  A spriggan (D)
  2 shadows (D)
  Sigmund (D)
  A redback (D)
  2 water elementals (D)
  A ynoxinul (D)
  A wraith (D)
  2 tarantellas (D)
  A chaos spawn (D)
  14 neqoxecs (D)
  2 insubstantial wisps (D)
  A hell hound (D)
  A water moccasin (D)
  5 orc warriors (D)
  4 sky beasts (D)
  4 eyes of draining (D)
  4 necrophages (D)
  A bullfrog (D)
  3 wights (D)
  A hound (D)
  4 orc wizards (D)
  An iron imp (D)
  Jessica (D)
  Terence (D)
  3 adders (D)
  3 ogre simulacra (D)
  A shadow imp (D)
  2 white imps (D)
  An adder zombie (D)
  2 adder skeletons (D)
  A worm (D)
  An orc (D)
  2 ball pythons (D)
  A bat zombie (D)
  2 hobgoblins (D)
  A jackal (D)
  A ball python skeleton (D)
  A bat (D)
  A jackal skeleton (D)
  A jackal zombie (D)
  A kobold (D)
  3 fire vortices (D)
482 creatures vanquished.

Vanquished Creatures (collateral kills)
  2 Ice Fiends (D)
  A titan (shapeshifter) (D)
  An acid blob (shapeshifter) (D)
  A vampire knight (D)
  A blizzard demon (D)
  A hydra (D)
  2 vampire magi (D)
  An iron troll (D)
  2 tormentors (D)
  A guardian mummy (D)
  A troll (D)
  A tyrant leech (D)
  A wraith (D)
  12 neqoxecs (D)
28 creatures vanquished.

Vanquished Creatures (others)
  An eldritch tentacle (D)
  An iron golem (D)
2 creatures vanquished.

Grand Total: 512 creatures vanquished

Notes
Turn   | Place    | Note
-------+----------+-------------------------------------------
     0 | D        | McKennaii the Demonspawn Fighter began the quest for the
                  | Orb.
     0 | D        | Reached XP level 1. HP: 18/18 MP: 1/1
     2 | D        | Found a shimmering blue altar of Sif Muna.
     2 | D        | Found a radiant altar of Vehumet.
     3 | D        | Found a glowing golden altar of the Shining One.
     4 | D        | Found a blossoming altar of Fedhas.
     4 | D        | Found a glowing silver altar of Zin.
     5 | D        | Found Ticez's Delicious Food.
     5 | D        | Found an opulent altar of Gozag.
     5 | D        | Found an ancient bone altar of Kikubaaqudgha.
     5 | D        | Found Vocreuli's Identification Station.
     5 | D        | Round 1.
     6 | D        | Found Gyech's Jewellery.
     6 | D        | Found Foneqocoh's Advanced Armour.
     9 | D        | Found Hiaxeo's Magic Scroll Shop.
    10 | D        | Found Goickipu's Magic Scroll Shop.
    10 | D        | Found Uthoim Veirch's Must-Have Magic.
    12 | D        | Found a bloodstained altar of Trog.
    12 | D        | Found a roughly hewn altar of Beogh.
    12 | D        | Found Qyse Dokh's Staff Store.
    18 | D        | Noticed Jessica
    25 | D        | Bought a bound golden ring for 45 gold pieces
    25 | D        | Bought a scorched ivory ring for 45 gold pieces
    25 | D        | Bought a glittering zirconium amulet for 45 gold pieces
    25 | D        | Bought a warped golden ring for 45 gold pieces
    25 | D        | Identified the ring of Secrets {rPois rF+ MP+9 Str+8} (You
                  | bought it in a shop in the Dungeon)
    26 | D        | Identified the ring of Reimbursement {rC++ Str+3 Dex+2}
                  | (You bought it in a shop in the Dungeon)
    27 | D        | Identified the amulet of Heculoyh {Spirit *Contam +Fly
                  | Dex+6} (You bought it in a shop in the Dungeon)
    29 | D        | Identified the ring "Yni Ream" {+Fly MP+9 Int+5} (You
                  | bought it in a shop in the Dungeon)
    32 | D        | Noticed a hound
    40 | D        | Killed a hound
    40 | D        | Gained mutation: You have sharp toenails. [demonic
                  | ancestry]
    40 | D        | Reached XP level 2. HP: 17/26 MP: 1/2
    42 | D        | Killed Jessica
    42 | D        | Gained mutation: Your flesh is cold resistant. (rC+)
                  | [demonic ancestry]
    42 | D        | Reached XP level 3. HP: 22/32 MP: 1/3
    43 | D        | Found a burning altar of Makhleb.
    43 | D        | Noticed Terence
    46 | D        | Found an ornate altar of the Wu Jian Council.
    54 | D        | Killed Terence
    54 | D        | Reached skill level 5 in Fighting
    54 | D        | Reached skill level 5 in Armour
    54 | D        | Reached XP level 4. HP: 23/39 MP: 3/4
    57 | D        | Found a basalt altar of Yredelemnul.
    57 | D        | Found Wisucud's Premium Goods.
    57 | D        | Found Leoh's Miscellaneous Merchandise.
    58 | D        | Found Vorhuc's Basic Armour.
    60 | D        | Became a worshipper of Makhleb the Destroyer
    64 | D        | Found Dec Xyw's Weapon Rack.
    64 | D        | Found a viscous altar of Jiyva.
    64 | D        | Found a shimmering altar of Xom.
    64 | D        | Found a stormy altar of Qazlal.
    74 | D        | Found a corrupted altar of Lugonu.
    76 | D        | Found a hide-covered altar of Uskayaw.
   106 | D        | Arena points: 12 (+12) [x2]
   127 | D        | Found an iron altar of Okawaru.
   131 | D        | Found a snail-covered altar of Cheibriados.
   131 | D        | Found a shadowy altar of Dithmenos.
   131 | D        | Found Bycivvee's Distillery.
   131 | D        | Found Qaffuragu's Distillery.
   132 | D        | Found Jet Nogerghu's Bottled Wisdom.
   137 | D        | Found Zumedd's Do-It-Yourself Clinic.
   137 | D        | Found a sacrificial altar of Ru.
   172 | D        | Round 2.
   182 | D        | Reached * piety under Makhleb
   189 | D        | Noticed Sigmund
   202 | D        | Killed Sigmund
   202 | D        | Gained mutation: You regenerate a little health from kills.
                  | [demonic ancestry]
   202 | D        | Reached XP level 5. HP: 26/47 MP: 5/5
   228 | D        | Reached ** piety under Makhleb
   272 | D        | Arena points: 54 (+42) [x3]
   335 | D        | Round 3.
   339 | D        | Reached skill level 5 in Axes
   362 | D        | Reached *** piety under Makhleb
   398 | D        | Reached XP level 6. HP: 55/55 MP: 6/6
   402 | D        | Noticed a water moccasin
   417 | D        | Killed a water moccasin
   417 | D        | Reached skill level 1 in Dodging
   462 | D        | Arena points: 138 (+84) [x4]
   508 | D        | Round 4.
   514 | D        | Noticed a sky beast
   514 | D        | Noticed an insubstantial wisp
   516 | D        | Noticed a sky beast
   516 | D        | Noticed a sky beast
   526 | D        | Killed a sky beast
   526 | D        | Reached **** piety under Makhleb
   528 | D        | Killed a sky beast
   528 | D        | Reached XP level 7. HP: 51/61 MP: 7/7
   554 | D        | Reached ***** piety under Makhleb
   559 | D        | Arena points: 258 (+120) [x5]
   573 | D        | Bought an ichor-stained cloak for 332 gold pieces
   574 | D        | Round 5.
   576 | D        | Noticed Aizul
   578 | D        | Identified the +2 cloak of Qyump {rN+ rCorr Dex-3 Stlth+}
                  | (You bought it in a shop in the Dungeon)
   586 | D        | HP: 3/62 [Aizul (17)]
   593 | D        | Noticed an anaconda
   597 | D        | Killed Aizul
   597 | D        | Arena points: 538 (+280) [x7]
   597 | D        | Reached XP level 8. HP: 32/69 MP: 3/8
   598 | D        | Got a wavering lead amulet
   598 | D        | Got a serpentine rune of Zot
   618 | D        | Bought a pair of warped gloves for 332 gold pieces
   623 | D        | Identified the -1 pair of gloves "Uloiqoast" {Slay+3} (You
                  | bought it in a shop in the Dungeon)
   787 | D        | Round 6.
   848 | D        | Reached skill level 1 in Invocations
   921 | D        | Noticed a rime drake
   925 | D        | Noticed a rime drake
   934 | D        | Killed a rime drake
   934 | D        | Gained mutation: You have razor-sharp toenails. [demonic
                  | ancestry]
   934 | D        | Reached XP level 9. HP: 63/75 MP: 11/11
   937 | D        | Killed a rime drake
   937 | D        | Arena points: 922 (+384) [x8]
   982 | D        | Round 7.
   998 | D        | Reached ****** piety under Makhleb
  1088 | D        | Reached skill level 1 in Stealth
  1088 | D        | Reached skill level 5 in Invocations
  1124 | D        | Noticed Josephine
  1132 | D        | Killed Josephine
  1132 | D        | Arena points: 1552 (+630) [x9]
  1145 | D        | Bought a +0 broad axe for 120 gold pieces
  1170 | D        | Bought a scroll of brand weapon for 200 gold pieces
  1186 | D        | Round 8.
  1189 | D        | Noticed a spiny frog
  1198 | D        | Killed a spiny frog
  1216 | D        | Noticed a swamp dragon
  1226 | D        | Killed a swamp dragon
  1226 | D        | Reached XP level 10. HP: 78/84 MP: 15/15
  1229 | D        | Noticed a spiny frog
  1237 | D        | Killed a spiny frog
  1276 | D        | Noticed an alligator
  1285 | D        | Killed an alligator
  1285 | D        | Reached skill level 10 in Fighting
  1296 | D        | Noticed a spriggan rider
  1309 | D        | Reached skill level 15 in Axes
  1309 | D        | Noticed a five-headed hydra
  1330 | D        | Killed a five-headed hydra
  1330 | D        | Arena points: 2352 (+800) [x10]
  1351 | D        | Bought 8 scrolls of enchant weapon for 600 gold pieces
  1378 | D        | Round 9.
  1418 | D        | Reached skill level 10 in Invocations
  1418 | D        | Reached skill level 10 in Shields
  1433 | D        | Arena points: 3243 (+891) [x11]
  1454 | D        | Round 10.
  1464 | D        | Noticed a dire wolf spider
  1479 | D        | Reached XP level 11. HP: 65/92 MP: 13/18
  1480 | D        | Killed a dire wolf spider
  1480 | D        | Arena points: 4543 (+1300) [x13]
  1481 | D        | Got a gossamer rune of Zot
  1482 | D        | Reached skill level 5 in Dodging
  1482 | D        | Reached skill level 1 in Evocations
  1482 | D        | Reached XP level 12. HP: 82/99 MP: 13/20
  1483 | D        | Reached skill level 10 in Armour
  1483 | D        | Reached skill level 1 in Spellcasting
  1483 | D        | Gained mutation: You regenerate health from kills. [demonic
                  | ancestry]
  1483 | D        | Reached XP level 13. HP: 86/106 MP: 13/21
  1522 | D        | Bought +0 gold dragon scales for 960 gold pieces
  1651 | D        | Round 11.
  1696 | D        | Arena points: 5929 (+1386) [x14]
  1706 | D        | Bought 4 scrolls of enchant armour for 300 gold pieces
  1706 | D        | Bought 4 scrolls of enchant armour for 300 gold pieces
  1727 | D        | Round 12.
  1852 | D        | Arena points: 8089 (+2160) [x15]
  1876 | D        | Bought 4 scrolls of enchant armour for 300 gold pieces
  1896 | D        | Bought 3 scrolls of identify for 150 gold pieces
  1896 | D        | Bought 3 scrolls of identify for 150 gold pieces
  1898 | D        | Identified the amulet "Iceeguse" {Regen+ Str+8} (You found
                  | it in the Dungeon)
  1916 | D        | Round 13.
  1939 | D        | Noticed an emperor scorpion
  1952 | D        | Killed an emperor scorpion
  1971 | D        | Killed a ghost moth
  2027 | D        | Killed a ghost moth
  2054 | D        | Arena points: 10793 (+2704) [x16]
  2068 | D        | Bought a translucent large shield for 332 gold pieces
  2079 | D        | Identified the cursed +0 large shield of the Slorg {Str+2
                  | Dex+5} (You bought it in a shop in the Dungeon)
  2081 | D        | Bought a faintly glowing helmet for 332 gold pieces
  2086 | D        | Identified the +5 helmet "Veckyol" {rF+ MR+ Slay-2 SInv}
                  | (You bought it in a shop in the Dungeon)
  2090 | D        | Round 14.
  2143 | D        | Reached XP level 14. HP: 118/118 MP: 25/25
  2204 | D        | Noticed an orc warlord
  2208 | D        | Noticed Urug
  2210 | D        | Reached skill level 15 in Invocations
  2217 | D        | Killed an orc warlord
  2223 | D        | Killed Urug
  2223 | D        | Arena points: 14125 (+3332) [x17]
  2283 | D        | Bought a ration for 75 gold pieces
  2283 | D        | Bought a scroll of identify for 30 gold pieces
  2284 | D        | Bought 5 potions of heal wounds for 500 gold pieces
  2288 | D        | Round 15.
  2311 | D        | Noticed Agnes
  2340 | D        | Killed Agnes
  2340 | D        | Arena points: 17260 (+3135) [x19]
  2341 | D        | Got a mossy rune of Zot
  2342 | D        | Reached XP level 15. HP: 100/125 MP: 24/27
  2529 | D        | Round 16.
  2663 | D        | Noticed an Ice Fiend
  2679 | D        | Killed an Ice Fiend
  2684 | D        | Noticed a Hell Sentinel
  2696 | D        | Killed a Hell Sentinel
  2707 | D        | Arena points: 22380 (+5120) [x20]
  2718 | D        | Bought 4 potions of curing for 84 gold pieces
  2718 | D        | Bought 3 potions of heal wounds for 105 gold pieces
  2718 | D        | Bought 3 potions of heal wounds for 105 gold pieces
  2719 | D        | Bought 3 potions of experience for 900 gold pieces
  2719 | D        | Gained mutation: You are partially covered in large bone
                  | plates. (SH +4) [demonic ancestry]
  2719 | D        | Reached XP level 16. HP: 133/134 MP: 28/28
  2720 | D        | Gained mutation: You are mostly covered in large bone
                  | plates. (SH +6) [demonic ancestry]
  2720 | D        | Reached XP level 17. HP: 138/140 MP: 28/29
  2721 | D        | Gained mutation: You have claws for feet. [demonic
                  | ancestry]
  2721 | D        | Reached XP level 18. HP: 146/148 MP: 28/30
  2730 | D        | Bought a potion of experience for 300 gold pieces
  2730 | D        | Gained mutation: Your magical and physical power is
                  | slightly enhanced at high health. [demonic ancestry]
  2730 | D        | Reached XP level 19. HP: 153/154 MP: 31/31
  2730 | D        | Round 17.
  2746 | D        | Reached skill level 15 in Fighting
  2855 | D        | Arena points: 28449 (+6069) [x21]
  2879 | D        | Bought 3 potions of experience for 900 gold pieces
  2879 | D        | Gained mutation: You are completely covered in large bone
                  | plates. (SH +8) [demonic ancestry]
  2879 | D        | Reached XP level 20. HP: 162/162 MP: 33/33
  2880 | D        | Reached skill level 15 in Shields
  2880 | D        | Gained mutation: You regenerate a lot of health from kills.
                  | [demonic ancestry]
  2880 | D        | Reached XP level 21. HP: 168/168 MP: 34/34
  2881 | D        | Reached skill level 15 in Armour
  2881 | D        | Reached XP level 22. HP: 176/176 MP: 35/35
  2924 | D        | Round 18.
  3061 | D        | Arena points: 33993 (+5544) [x22]
  3079 | D        | Bought 2 potions of experience for 600 gold pieces
  3079 | D        | Bought a potion of experience for 300 gold pieces
  3081 | D        | Gained mutation: You are immune to freezing clouds.
                  | [demonic ancestry]
  3081 | D        | Reached XP level 23. HP: 183/183 MP: 36/36
  3082 | D        | Gained mutation: Your magical and physical power is
                  | enhanced at high health. [demonic ancestry]
  3082 | D        | Reached XP level 24. HP: 191/191 MP: 36/36
  3083 | D        | Gained mutation: Your magical and physical power is greatly
                  | enhanced at high health. [demonic ancestry]
  3083 | D        | Reached XP level 25. HP: 197/197 MP: 36/36
  3104 | D        | Round 19.
  3249 | D        | Arena points: 41422 (+7429) [x23]
  3258 | D        | Bought 3 scrolls of identify for 150 gold pieces
  3258 | D        | Bought 3 scrolls of identify for 150 gold pieces
  3258 | D        | Bought 3 scrolls of identify for 150 gold pieces
  3259 | D        | Bought a pair of shimmering gloves for 332 gold pieces
  3260 | D        | Identified the +2 pair of gloves of Iwev {*Drain rCorr
                  | Int+4} (You bought it in a shop in the Dungeon)
  3293 | D        | Round 20.
  3308 | D        | Gained mutation: You tend to lose your temper in combat. [a
                  | shining eye]
  3313 | D        | Arena points: 47422 (+6000) [x25]
  3314 | D        | Got a slimy rune of Zot
  3315 | D        | Gained mutation: A meltable icy envelope protects you from
                  | harm. (AC +0) [demonic ancestry]
  3315 | D        | Reached XP level 26. HP: 206/206 MP: 37/37
  3332 | D        | Bought 3 potions of mutation for 168 gold pieces
  3332 | D        | Bought 2 potions of mutation for 112 gold pieces
  3332 | D        | Bought a potion of mutation for 56 gold pieces
  3332 | D        | Bought 6 potions of might for 168 gold pieces
  3332 | D        | Bought 6 potions of agility for 168 gold pieces
  3332 | D        | Bought 5 potions of berserk rage for 175 gold pieces
  3332 | D        | Bought a potion of heal wounds for 35 gold pieces
  3332 | D        | Bought a potion of curing for 21 gold pieces
  3334 | D        | Lost mutation: You tend to lose your temper in combat.
                  | [potion of mutation]
  3334 | D        | Gained mutation: You are weak. (Str -2) [potion of
                  | mutation]
  3334 | D        | Gained mutation: You are agile. (Dex +2) [potion of
                  | mutation]
  3514 | D        | Round 21.
  3700 | D        | Arena points: 47779 (+357) [x1]
  3715 | D        | Round 22.
  3753 | D        | Reached XP level 27. HP: 160/217 MP: 4/38
  3778 | D        | Arena points: 48527 (+748) [x2]
  3793 | D        | Round 23.
  3794 | D        | Bought 3 potions of heal wounds for 105 gold pieces
  3794 | D        | Bought 3 potions of heal wounds for 105 gold pieces
  3794 | D        | Bought 3 potions of heal wounds for 105 gold pieces
  3899 | D        | Reached skill level 5 in Stealth
  3957 | D        | Arena points: 49976 (+1449) [x3]
  3985 | D        | Bought a brightly glowing cloak for 332 gold pieces
  3987 | D        | Identified the -2 cloak of Feeliso {Regen+} (You bought it
                  | in a shop in the Dungeon)
  3998 | D        | Round 24.
  4142 | D        | Arena points: 51416 (+1440) [x4]
  4154 | D        | Bought a quad damage for 400 gold pieces
  4178 | D        | Bought 6 potions of resistance for 420 gold pieces
  4178 | D        | Bought 6 potions of resistance for 420 gold pieces
  4181 | D        | Bought 3 potions of mutation for 168 gold pieces
  4181 | D        | Bought 2 potions of mutation for 112 gold pieces
  4181 | D        | Bought a potion of mutation for 56 gold pieces
  4181 | D        | Bought 3 potions of haste for 210 gold pieces
  4181 | D        | Bought 4 potions of haste for 280 gold pieces
  4183 | D        | Round 25.
  4190 | D        | Noticed Mara
  4208 | D        | Noticed McKennaii's illusion
  4208 | D        | Killed Mara
  4208 | D        | Arena points: 53666 (+2250) [x6]
  4209 | D        | Got a silver rune of Zot
  4323 | D        | Bought 2 rations for 40 gold pieces
  4323 | D        | Bought 2 rations for 40 gold pieces
  4323 | D        | Bought 2 rations for 40 gold pieces
  4323 | D        | Bought 2 rations for 40 gold pieces
  4323 | D        | Bought 2 rations for 40 gold pieces
  4323 | D        | Bought 2 rations for 40 gold pieces
  4323 | D        | Bought 2 rations for 40 gold pieces
  4323 | D        | Bought 2 rations for 40 gold pieces
  4323 | D        | Bought 2 rations for 40 gold pieces
  4323 | D        | Bought 2 rations for 40 gold pieces
  4323 | D        | Bought 2 rations for 40 gold pieces
  4323 | D        | Bought 2 rations for 40 gold pieces
  4323 | D        | Bought 2 rations for 40 gold pieces
  4323 | D        | Bought 2 rations for 40 gold pieces
  4323 | D        | Bought 2 rations for 40 gold pieces
  4323 | D        | Bought 2 rations for 40 gold pieces
  4323 | D        | Bought 2 rations for 40 gold pieces
  4392 | D        | Round 26.
  4540 | D        | Arena points: 57852 (+4186) [x7]
  4576 | D        | Round 27.
  4580 | D        | Reached skill level 27 in Axes
  4646 | D        | Identified the +4 dragonskin cloak
  4646 | D        | Noticed Tiamat
  4667 | D        | Killed Tiamat
  4677 | D        | Noticed an ancient lich
  4686 | D        | Killed an ancient lich
  4694 | D        | Arena points: 61740 (+3888) [x8]
  4887 | D        | Round 28.
  5079 | D        | Arena points: 62160 (+420) [x1]
  5094 | D        | Round 29.
  5095 | D        | Bought a quad damage for 400 gold pieces
  5095 | D        | Bought a quad damage for 400 gold pieces
  5116 | D        | Bought 3 potions of heal wounds for 105 gold pieces
  5116 | D        | Bought 3 potions of heal wounds for 105 gold pieces
  5116 | D        | Bought 3 potions of heal wounds for 105 gold pieces
  5116 | D        | Bought 3 potions of heal wounds for 105 gold pieces
  5125 | D        | Bought 6 potions of brilliance for 168 gold pieces
  5142 | D        | Noticed Ignacio
  5151 | D        | Killed Ignacio
  5151 | D        | Reached skill level 27 in Shields
  5173 | D        | Reached skill level 27 in Fighting
  5193 | D        | Reached skill level 5 in Spellcasting
  5200 | D        | Arena points: 63494 (+1334) [x2]
  5230 | D        | Bought 4 potions of curing for 84 gold pieces
  5230 | D        | Bought 4 potions of curing for 84 gold pieces
  5230 | D        | Bought 4 potions of curing for 84 gold pieces
  5230 | D        | Bought 4 potions of curing for 84 gold pieces
  5230 | D        | Bought 3 potions of heal wounds for 105 gold pieces
  5230 | D        | Bought 3 potions of heal wounds for 105 gold pieces
  5230 | D        | Bought 3 potions of heal wounds for 105 gold pieces
  5240 | D        | Bought 6 potions of might for 168 gold pieces
  5240 | D        | Bought 6 potions of agility for 168 gold pieces
  5240 | D        | Bought 5 potions of haste for 350 gold pieces
  5256 | D        | Round 30.
  5263 | D        | Noticed Khufu
  5282 | D        | Killed Khufu
  5282 | D        | Arena points: 65414 (+1920) [x4]
  5282 | D        | Reached skill level 10 in Spellcasting
  5283 | D        | Got a golden rune of Zot
  5317 | D        | Bought an ichor-stained hat for 315 gold pieces
  5318 | D        | Identified the +2 hat of the Burgomaster {*Corrode rPois
                  | rC+ Slay+3} (You bought it in a shop in the Dungeon)
  5474 | D        | Round 31.
  5512 | D        | Noticed a greater mummy
  5513 | D        | Noticed a greater mummy
  5521 | D        | Killed a greater mummy
  5531 | D        | Killed a greater mummy
  5544 | D        | Noticed a greater mummy
  5556 | D        | Killed a greater mummy
  5556 | D        | Reached skill level 27 in Invocations
  5576 | D        | Noticed a greater mummy
  5596 | D        | Noticed a greater mummy
  5603 | D        | Killed a greater mummy
  5611 | D        | Killed a greater mummy
  5611 | D        | Reached skill level 27 in Armour
  5611 | D        | Reached skill level 15 in Spellcasting
  5618 | D        | Reached skill level 1 in Throwing
  5622 | D        | Arena points: 68824 (+3410) [x5]
  5622 | D        | Reached skill level 1 in Unarmed Combat
  5626 | D        | Bought 5 scrolls of blinking for 375 gold pieces
  5626 | D        | Bought 4 scrolls of blinking for 300 gold pieces
  5626 | D        | Bought 3 scrolls of blinking for 225 gold pieces
  5626 | D        | Bought 8 scrolls of enchant weapon for 600 gold pieces
  5628 | D        | Bought 5 scrolls of blinking for 375 gold pieces
  5628 | D        | Bought 4 scrolls of blinking for 300 gold pieces
  5628 | D        | Bought 3 scrolls of blinking for 225 gold pieces
  5662 | D        | Round 32.
  5670 | D        | Reached skill level 10 in Dodging
  5694 | D        | Reached skill level 5 in Evocations
  5730 | D        | Arena points: 72856 (+4032) [x6]
  5741 | D        | Bought 5 potions of berserk rage for 175 gold pieces
  5741 | D        | Bought 6 potions of magic for 336 gold pieces
  5741 | D        | Bought 6 potions of magic for 336 gold pieces
  5741 | D        | Bought 5 potions of haste for 350 gold pieces
  5741 | D        | Bought 4 potions of haste for 280 gold pieces
  5741 | D        | Bought 3 potions of haste for 210 gold pieces
  5742 | D        | Bought 6 potions of resistance for 420 gold pieces
  5742 | D        | Bought 6 potions of resistance for 420 gold pieces
  5742 | D        | Bought 6 potions of brilliance for 168 gold pieces
  5742 | D        | Bought 5 potions of berserk rage for 175 gold pieces
  5742 | D        | Bought a potion of flight for 21 gold pieces
  5745 | D        | Round 33.
  5745 | D        | Noticed Antaeus
  5766 | D        | Killed Antaeus
  5766 | D        | Arena points: 77344 (+4488) [x8]
  5766 | D        | Reached skill level 15 in Dodging
  5767 | D        | Got an icy rune of Zot
  5975 | D        | Round 34.
  5984 | D        | Lost mutation: You are agile. (Dex +2) [a neqoxec]
  5984 | D        | Gained mutation: You are agile. (Dex +2) [a neqoxec]
  5986 | D        | Gained mutation: You are dopey. (Int -2) [a neqoxec]
  6003 | D        | Gained mutation: You are frail. (-10% HP) [a neqoxec]
  6004 | D        | Gained mutation: Scrolls take you a little longer to read.
                  | [a neqoxec]
  6004 | D        | Lost intelligence.
  6004 | D        | Gained mutation: You are very dopey. (Int -4) [a neqoxec]
  6006 | D        | Gained mutation: Armour fits poorly on your strangely
                  | shaped body. [a neqoxec]
  6006 | D        | Gained mutation: Your body sometimes deteriorates upon
                  | taking damage. [a neqoxec]
  6013 | D        | Lost mutation: You are weak. (Str -2) [potion of mutation]
  6013 | D        | Lost mutation: You are frail. (-10% HP) [potion of
                  | mutation]
  6013 | D        | Lost mutation: You are agile. (Dex +2) [potion of mutation]
  6013 | D        | Gained mutation: You are robust. (+10% HP) [potion of
                  | mutation]
  6013 | D        | Gained mutation: You are covered in fur. (AC +1) [potion of
                  | mutation]
  6014 | D        | Lost mutation: You are very dopey. (Int -4) [potion of
                  | mutation]
  6014 | D        | Lost mutation: Scrolls take you a little longer to read.
                  | [potion of mutation]
  6014 | D        | Lost mutation: You are dopey. (Int -2) [potion of mutation]
  6014 | D        | Gained mutation: Your magical capacity is low. (-10% MP)
                  | [potion of mutation]
  6014 | D        | Gained mutation: You are very robust. (+20% HP) [potion of
                  | mutation]
  6014 | D        | Gained mutation: Your spells are a little harder to cast,
                  | but a little more powerful. [potion of mutation]
  6014 | D        | Gained mutation: Your flesh is very cold resistant. (rC++)
                  | [potion of mutation]
  6085 | D        | Arena points: 85606 (+8262) [x9]
  6089 | D        | Lost mutation: Your spells are a little harder to cast, but
                  | a little more powerful. [potion of mutation]
  6089 | D        | Lost mutation: Your body sometimes deteriorates upon taking
                  | damage. [potion of mutation]
  6089 | D        | Lost mutation: Your flesh is very cold resistant. (rC++)
                  | [potion of mutation]
  6089 | D        | Lost mutation: You are covered in fur. (AC +1) [potion of
                  | mutation]
  6089 | D        | Gained mutation: Your flesh is heat resistant. (rF+)
                  | [potion of mutation]
  6089 | D        | Gained mutation: Your spells are a little harder to cast,
                  | but a little more powerful. [potion of mutation]
  6090 | D        | Lost mutation: Your spells are a little harder to cast, but
                  | a little more powerful. [potion of mutation]
  6090 | D        | Lost mutation: Armour fits poorly on your strangely shaped
                  | body. [potion of mutation]
  6090 | D        | Lost mutation: You are very robust. (+20% HP) [potion of
                  | mutation]
  6090 | D        | Gained mutation: You have a pair of small antennae on your
                  | head. [potion of mutation]
  6141 | D        | Round 35.
  6296 | D        | Arena points: 95406 (+9800) [x10]
  6316 | D        | Bought 5 potions of heal wounds for 500 gold pieces
  6335 | D        | Bought a translucent zirconium amulet for 45 gold pieces
  6335 | D        | Bought an ancient platinum ring for 45 gold pieces
  6335 | D        | Bought a warped steel ring for 45 gold pieces
  6335 | D        | Identified the amulet "Zuph" {Reflect rC+ Dex+2 SH+3} (You
                  | bought it in a shop in the Dungeon)
  6337 | D        | Identified the ring of the Neverending Scars {rF+ rC- rN++
                  | Str+3 Int+3 Dex+2} (You bought it in a shop in the Dungeon)
  6338 | D        | Identified the ring "Mapnoet" {rC- rN+ MR+ rCorr Stlth+}
                  | (You bought it in a shop in the Dungeon)
  6340 | D        | Bought an ancient golden ring for 45 gold pieces
  6340 | D        | Bought a transparent iron amulet for 45 gold pieces
  6340 | D        | Bought a crude marble ring for 45 gold pieces
  6340 | D        | Identified the ring of the Lumpy Lovers {rPois Str+2
                  | Stlth-} (You bought it in a shop in the Dungeon)
  6342 | D        | Identified the amulet "Jefui" {Inacc Str+4 Stlth+} (You
                  | bought it in a shop in the Dungeon)
  6344 | D        | Identified the ring "Xiux" {+Inv MR+ Str+5} (You bought it
                  | in a shop in the Dungeon)
  6344 | D        | Round 36.
  6344 | D        | Noticed Mnoleg
  6367 | D        | Killed Mnoleg
  6367 | D        | Arena points: 103182 (+7776) [x12]
  6368 | D        | Got a glowing rune of Zot
  6539 | D        | Round 37.
  6586 | D        | Arena points: 114726 (+11544) [x13]
  6603 | D        | Bought 2 potions of haste for 140 gold pieces
  6603 | D        | Bought 5 potions of berserk rage for 175 gold pieces
  6603 | D        | Bought 6 potions of magic for 336 gold pieces
  6603 | D        | Bought 6 potions of magic for 336 gold pieces
  6620 | D        | Bought a book of Summonings for 490 gold pieces
  6620 | D        | Bought a book of Spatial Translocations for 455 gold pieces
  6620 | D        | Bought a book of Enchantments for 350 gold pieces
  6620 | D        | Bought a book of Death for 490 gold pieces
  6620 | D        | Bought a book of the Sky for 455 gold pieces
  6620 | D        | Bought a book of the Warp for 630 gold pieces
  6620 | D        | Bought a book of the Earth for 455 gold pieces
  6620 | D        | Bought a book of Burglary for 525 gold pieces
  6620 | D        | Bought a book of Annihilations for 772 gold pieces
  6620 | D        | Bought a Grand Grimoire for 772 gold pieces
  6620 | D        | Bought a Necronomicon for 772 gold pieces
  6620 | D        | Bought a book of Changes for 175 gold pieces
  6626 | D        | Round 38.
  6727 | D        | Noticed Nellie
  6739 | D        | Killed Nellie
  6756 | D        | Arena points: 125898 (+11172) [x14]
  6763 | D        | Bought a scroll of brand weapon for 200 gold pieces
  6763 | D        | Bought 3 scrolls of silence for 225 gold pieces
  6763 | D        | Bought 5 scrolls of fog for 100 gold pieces
  6763 | D        | Bought 4 scrolls of fog for 80 gold pieces
  6763 | D        | Bought 3 scrolls of fog for 60 gold pieces
  6763 | D        | Bought 4 scrolls of enchant armour for 300 gold pieces
  6763 | D        | Bought 15 scrolls of remove curse for 450 gold pieces
  6763 | D        | Bought 5 scrolls of amnesia for 175 gold pieces
  6763 | D        | Bought 3 scrolls of vulnerability for 225 gold pieces
  6764 | D        | Bought 5 scrolls of fog for 100 gold pieces
  6764 | D        | Bought 4 scrolls of fog for 80 gold pieces
  6764 | D        | Bought 3 scrolls of fog for 60 gold pieces
  6764 | D        | Bought 3 scrolls of silence for 225 gold pieces
  6764 | D        | Bought 3 scrolls of vulnerability for 225 gold pieces
  6823 | D        | Round 39.
  6834 | D        | Noticed Ereshkigal
  6852 | D        | Killed Ereshkigal
  6852 | D        | Arena points: 137754 (+11856) [x16]
  6853 | D        | Got a bone rune of Zot
  7020 | D        | Round 40.
  7021 | D        | Noticed a juggernaut
  7021 | D        | a glowing shapeshifter changed into a juggernaut
  7023 | D        | Noticed a juggernaut
  7023 | D        | a titan changed into a juggernaut
  7024 | D        | a juggernaut changed into an iron giant
  7025 | D        | a juggernaut changed into a titan
  7026 | D        | Reached skill level 10 in Stealth
  7027 | D        | Noticed a juggernaut
  7027 | D        | a titan changed into a juggernaut
  7027 | D        | Noticed a juggernaut
  7027 | D        | a shard shrike changed into a juggernaut
  7029 | D        | a juggernaut changed into a titan
  7032 | D        | Killed a juggernaut
  7033 | D        | Noticed a juggernaut
  7033 | D        | a shard shrike changed into a juggernaut
  7036 | D        | Noticed a juggernaut
  7037 | D        | a juggernaut changed into a titan
  7041 | D        | Reached skill level 10 in Evocations
  7046 | D        | Killed a juggernaut
  7047 | D        | Noticed a juggernaut
  7047 | D        | a golden dragon changed into a juggernaut
  7051 | D        | Noticed a juggernaut
  7051 | D        | a shard shrike changed into a juggernaut
  7054 | D        | Reached skill level 27 in Spellcasting
  7054 | D        | Killed a juggernaut
  7057 | D        | a juggernaut changed into a titan
  7061 | D        | Reached skill level 15 in Stealth
  7070 | D        | Reached skill level 15 in Evocations
  7095 | D        | Noticed a juggernaut
  7095 | D        | a shard shrike changed into a juggernaut
  7098 | D        | a juggernaut changed into an acid blob
  7105 | D        | Arena points: 156794 (+19040) [x17]
  7126 | D        | Round 41.
  7303 | D        | Reached skill level 27 in Dodging
  7323 | D        | Arena points: 157696 (+902) [x1]
  7338 | D        | Round 42.
  7340 | D        | Noticed Master Blaster
  7351 | D        | Noticed Veicaydd the pandemonium lord
  7352 | D        | Noticed Hufiash the pandemonium lord
  7361 | D        | Noticed Horui the pandemonium lord
  7366 | D        | Noticed Louxaen the pandemonium lord
  7371 | D        | Killed Horui the pandemonium lord
  7373 | D        | Noticed Sidwiryq the pandemonium lord
  7384 | D        | Noticed Waod the pandemonium lord
  7390 | D        | Killed Louxaen the pandemonium lord
  7399 | D        | Noticed Intor the pandemonium lord
  7401 | D        | Killed Waod the pandemonium lord
  7402 | D        | Noticed Vuxu the pandemonium lord
  7412 | D        | Noticed Zismimnu the pandemonium lord
  7414 | D        | Noticed Exiel the pandemonium lord
  7414 | D        | Noticed Ischuru the pandemonium lord
  7421 | D        | Noticed Geazarir the pandemonium lord
  7423 | D        | Noticed Yghid the pandemonium lord
  7427 | D        | Noticed Xosas the pandemonium lord
  7455 | D        | Noticed Myjun the pandemonium lord
  7456 | D        | Noticed Qeshadun the pandemonium lord
  7477 | D        | Noticed Uczelo the pandemonium lord
  7485 | D        | Paralysed by Qeshadun for 4 turns
  7491 | D        | Noticed Hisalur the pandemonium lord
  7500 | D        | Gained mutation: You are dopey. (Int -2) [a cacodemon]
  7516 | D        | Killed Hufiash the pandemonium lord
  7519 | D        | HP: 10/273 [reaper/+1 scythe of slicing[Veicaydd] (5)]
  7526 | D        | Blown up by Xosas the pandemonium lord

Levels and vault maps discovered:
D:        arena_sprint

Skill      XL: |  1  2  3  4  5  6  7  8  9 10 11 12 13 14 15 16 17 18 19 20 21 22 23 24 25 26 27 |
---------------+----------------------------------------------------------------------------------+-----
Fighting       | 4 5 6 7 8 9 10 11 13 14 15 16 18 27 | 27.0
Axes           | 2 4 5 7 11 12 14 15 16 19 20 21 22 23 24 27 | 27.0
Armour         | 4 5 6 7 8 9 10 12 13 14 15 16 17 27 | 27.0
Shields        | 3 4 6 7 8 9 10 12 13 14 15 16 18 27 | 27.0
Dodging        | 1 3 4 5 6 7 27 | 27.0
Invocations    | 3 7 10 11 14 16 17 18 19 20 22 27 | 27.0
Stealth        | 1 2 3 22 | 22.7
Evocations     | 1 2 3 22 | 22.4
Spellcasting   | 1 27 | 27.0
Throwing       | 2 |  2.6
Unarmed Combat | 2 |  2.5

Action                   |  1- 3 |  4- 6 |  7- 9 | 10-12 | 13-15 | 16-18 | 19-21 | 22-24 | 25-27 || total
-------------------------+-------+-------+-------+-------+-------+-------+-------+-------+-------++-------
Melee: War axe           |    11 |    49 |    83 |       |       |       |       |       |       ||   143
       Kick              |     4 |    18 |    41 |    30 |   123 |       |    13 |    12 |   671 ||   912
       Broad axe         |       |       |    12 |    52 |   230 |       |    23 |    27 |  1048 ||  1392
       Unarmed           |       |       |       |       |       |       |       |       |    12 ||    12
Invok: Minor Destruction |       |       |       |     5 |       |       |       |       |       ||     5
       Lesser Servant of |       |       |       |     3 |       |       |       |       |       ||     3
       Greater Servant o |       |       |       |       |     1 |       |     1 |       |    15 ||    17
 Abil: Evoke Flight      |       |       |       |       |       |       |       |       |     1 ||     1
  Use: Potion            |       |       |     2 |     2 |     2 |     3 |     3 |     3 |    69 ||    84
       Scroll            |       |       |     1 |     8 |    13 |       |       |       |    21 ||    43
 Stab: Distracted        |       |       |       |     1 |       |       |       |       |     6 ||     7
  Eat: Chunk             |       |       |     1 |     1 |     3 |       |     2 |       |     1 ||     8
       Ration            |       |       |       |       |       |       |       |       |     5 ||     5
Armor: Scale mail        |     6 |    20 |    26 |    23 |       |       |       |       |       ||    75
       Gold dragon scale |       |       |       |       |    98 |       |     5 |     1 |   434 ||   538
       Skin              |       |       |       |       |       |       |       |       |    18 ||    18
Dodge: Dodged            |     4 |    15 |    21 |    33 |    31 |       |     2 |       |   423 ||   529
Block: Shield            |     4 |    37 |    39 |    45 |    61 |       |       |       |       ||   186
       Large shield      |       |       |       |       |   107 |       |    22 |    19 |  1292 ||  1440
